 Dungeon Crawl Stone Soup version 0.17.0-56-gd8de76c (webtiles) character file.

173 gorblad the Covert (level 5, -1/39 HPs)
             Began as a Vampire Assassin on Dec 5, 2015.
             Was an Initiate of Dithmenos.
             Slain by an orc priest (3 damage)
             ... on level 3 of the Dungeon.
             The game lasted 00:06:38 (3122 turns).

gorblad the Covert (Vampire Assassin)               Turns: 3122, Time: 00:06:40

Health: -1/39      AC:  3    Str: 10    XL:     5   Next: 28%
Magic:  5/5        EV: 17    Int: 13    God:    Dithmenos [......]
Gold:   187        SH:  0    Dex: 17    Spells: 0 memorised, 4 levels left

rFire  . . .     SeeInvis +     a - +2 dagger
rCold  + . .     Clarity  .     c - +0 robe
rNeg   + + .     SustAt   .     (no shield)
rPois  +         Gourm    .     (no helmet)
rElec  .         Spirit   .     d - +0 cloak
rCorr  .         Warding  .     (no gloves)
rMut   .         Rnd*Tele +     (no boots)
MR     .....                    l - amulet of rage
Stlth  +++++.....               k - ring of teleportation
                                j - +4 ring of evasion

@: regenerating slowly, not resistant to hostile enchantments, quite stealthy
A: fangs 3, see invisible, unbreathing
a: Bat Form, Renounce Religion, Evoke Berserk Rage, Evoke Teleportation


You were on level 3 of the Dungeon.
You worshipped Dithmenos.
Dithmenos was noncommittal.
You were very thirsty.

You visited 1 branch of the dungeon, and saw 3 of its levels.

You collected 187 gold pieces.

Inventory:

Hand Weapons
 a - a +2 dagger (weapon)
 b - a +0 blowgun
 r - a cursed -3 dagger
Missiles
 e - 27 poisoned needles
 f - 2 curare-tipped needles
Armour
 c - a +0 robe (worn)
 d - a +0 cloak (worn)
Jewellery
 j - a +4 ring of evasion (left hand)
 k - a ring of teleportation (right hand)
 l - an amulet of rage (around neck)
Scrolls
 i - 2 scrolls of recharging
 o - 2 scrolls of magic mapping {unknown}
 s - a scroll of remove curse
 t - a scroll of amnesia {unknown}
Potions
 g - 22 potions of blood
 h - 2 potions of agility
 m - a potion of ambrosia {unknown}
 n - 2 potions of brilliance {unknown}
 p - 2 potions of curing {unknown}


   Skills:
 + Level 2.4 Fighting
 + Level 2.5 Short Blades
 - Level 1.5 Throwing
 + Level 3.1 Dodging
 + Level 8.2 Stealth


You had 4 spell levels left.
You didn't know any spells.

Dungeon Overview and Level Annotations

Branches:
Dungeon (3/15)

Altars:
Cheibriados
Dithmenos
Qazlal


Innate Abilities, Weirdness & Mutations

You heal slowly.
You have razor-sharp teeth.
You have supernaturally acute eyesight.
You can survive without breathing.


Message History

You hit the orc priest but do no damage.
The orc misses you.
You hit the orc priest but do no damage.
The orc hits you with a dagger.
The orc priest calls down the wrath of Beogh upon you.
Pain shoots through your body!
The orc hits you with a whip of freezing.
You hit the orc priest. Your bite misses the orc priest.
The orc priest is lightly wounded.
The orc priest calls down the wrath of Beogh upon you.
Something smites you!
* * * LOW HITPOINT WARNING * * *
The orc misses you.
You hit the orc priest but do no damage.
You bite the orc priest.
The orc priest is moderately wounded.
The orc hits you with a whip of freezing.
* * * LOW HITPOINT WARNING * * *
The orc priest hits you.
You die...

...# §§§§§#.##♣P♣P......#%## ...#
§§§§§#.#.♣.♣P.♣P♣..#..# ...# §§§§
#..♣P..♣.♣♣♣..##.# ...# §§§
#.#....P..♣....... ...##########
##....♣.♣♣♣#.......
.......##.#####>..♣♣♣.♣♣.#.......
.......##.#...'....♣♣♣♣.......#..
.......##.#.###ooo.........#####.
.......##.#.....@................
.......##(#####.....############.
...)...##......(.................
.......########.....###########..
..............#.....# #......'..
.############.#....♣#♣#♣'######..
.# #.#...........# #.... .#
#.#####♣...♣..# #.#.. .# #.#
#......# #.#..


You could see an orc priest and 2 orcs.

Vanquished Creatures
  Crazy Yiuf (D:2)
  Jessica (D:2)
  3 adders (D:2)
  A worm (D:2)
  5 giant geckos
  4 orcs (D:3)
  10 bats
  3 giant cockroaches
  6 goblins
  9 hobgoblins
  9 jackals
  7 kobolds
  2 quokkas (D:3)
  6 giant newts
  9 rats
76 creatures vanquished.

Vanquished Creatures (others)
  A worm (D:3)
  A rat (D:3)
2 creatures vanquished.

Grand Total: 78 creatures vanquished

Notes
Turn   | Place    | Note
--------------------------------------------------------------
     0 | D:1      | gorblad the Vampire Assassin began the quest for the Orb.
     0 | D:1      | Reached XP level 1. HP: 16/16 MP: 1/1
     6 | D:1      | Reached skill level 6 in Stealth
   222 | D:1      | Reached XP level 2. HP: 22/22 MP: 2/2
   718 | D:1      | Reached skill level 7 in Stealth
   763 | D:2      | Reached XP level 3. HP: 27/27 MP: 3/3
   808 | D:2      | Noticed Jessica
   854 | D:2      | Killed Jessica
   854 | D:2      | Reached XP level 4. HP: 31/33 MP: 4/4
  1714 | D:2      | Found a snail-covered altar of Cheibriados.
  1759 | D:2      | Reached skill level 8 in Stealth
  1860 | D:2      | Noticed Crazy Yiuf
  1866 | D:2      | Killed Crazy Yiuf
  1866 | D:2      | Reached XP level 5. HP: 37/39 MP: 5/5
  2291 | D:3      | Found a stormy altar of Qazlal.
  2315 | D:3      | Found a shadowy altar of Dithmenos.
  2330 | D:3      | Became a worshipper of Dithmenos the Shadowed
  3122 | D:3      | Slain by an orc priest

Action                   |  1- 3 |  4- 6 || total
-------------------------+-------+-------++-------
Melee: Dagger            |    85 |   135 ||   220
  Use: Scroll            |     4 |     2 ||     6
       Potion            |     2 |     6 ||     8
 Stab: Sleeping          |    12 |    15 ||    27
